← All builds
Suicide front / Cortex / Economy first / OBSERVED BUILD

Standard suicide front

Cortex Suicide front build order · Supreme Isthmus

The role's baseline economy-first play: fast Bot Lab, early Advanced Metal Extractor, and a Thug/Grunt/Aggravator mix pushed to hold the middle while teching up.

#raid #push · 1243 distinct matches · 204 players · 73% of Cortex Suicide front games · team won 57% of 1324 · Recently observed

HOW TO PLAY IT

Key timing: Bot Lab by 0:39

  1. Open 3 mex, then rush Bot Lab almost immediately.
  2. Finish Bot Lab and start pushing Thug, Grunt, Aggravator.
  3. Send units straight to middle to contest and stop leaks.
  4. Eat the Bot Lab for metal if 32% of games reach that point.
  5. Transition into Advanced Metal Extractor once middle is stable.

Phase by phase

TYPICAL OF ITS 1243 GAMES
  1. 1
  2. 2
  3. 3
PLAY THE OPENING

Follow the example game's first 6:00 step by step: what to build now, what comes next, and where it goes. At 1× it keeps pace with your own game.

  1. 1

    Up to the Bot Lab

    Economy
    • Metal Extractor2Mex
    Order
    1. Bot LabBot Lab after 2 mexdone ~0:35, middle half 0:27–0:45

    By 0:18 in all: 2 mex

    The example game in this phase · 3 steps
    1. Mex ×2
    2. Wind
    3. Bot LabBot Labdone 0:40 · typical 0:35
  2. 2

    Bot Lab to 5:00

    Economy
    • Metal Extractor4Mex
    • Wind Turbine3Wind
    Builders
    • Graverobber4 Graverobber
    • Construction Bot3 Con bot
    Army
    • Guard3 Guard
    • Thug16 Thug
    • Grunt3 Grunt
    Other
    • Radar Tower1 Radar Tower

    Some games also: aggravator (37%) · con turret (30%)

    By 5:00 in all: 5 mex · 3 wind

    The example game in this phase · 22 steps
    1. GraverobberGraverobber
    2. Mex
    3. GuardGuard
    4. GruntGrunt ×3
    5. GraverobberGraverobber
    6. Construction BotCon bot
    7. ThugThug ×4
    8. Mex
    9. ThugThug ×4
    10. Radar TowerRadar Tower
    11. ThugThug ×3
    12. GraverobberGraverobber
    13. Mex
    14. GraverobberGraverobber
    15. GuardGuard
    16. ThugThug
    17. Construction BotCon bot
    18. ThugThug ×4
    19. GuardGuard
    20. ThugThug ×2
    21. Wind
    22. ThugThug
  3. 3

    5:00 to 10:00

    Economy
    • Metal Extractor1Mex
    • Wind Turbine12Wind
    Builders
    • Construction Turret1 Con turret
    • Graverobber3 Graverobber
    • Construction Bot1 Con bot
    Army
    • Guard1 Guard
    • Thug13 Thug

    Some games also: grunt (48%) · aggravator (41%) · Radar Tower (39%) · energy storage (35%) · Twin Guard (31%)

    By 10:00 in all: 6 mex · 16 wind · 2 con turret

    The example game in this phase · 75 steps
    1. ThugThug ×3
    2. Wind
    3. ThugThug
    4. GraverobberGraverobber
    5. Wind
    6. GraverobberGraverobber ×2
    7. ThugThug
    8. SAMSAM
    9. Wind
    10. ThugThug ×2
    11. Wind
    12. ThugThug ×4
    13. Wind
    14. Construction BotCon bot
    15. Wind
    16. Construction BotCon bot
    17. Wind
    18. ThugThug
    19. Wind
    20. ThugThug
    21. Con turret
    22. ThugThug ×2
    23. GruntGrunt ×6
    24. Mex
    25. GruntGrunt
    26. Advanced Metal ExtractorT2 mexdone 10:22 · typical 10:04
    27. GraverobberGraverobber
    28. Converter
    29. GuardGuard
    30. Converter
    31. GuardGuard
    32. GraverobberGraverobber
    33. Advanced Metal ExtractorT2 mex
    34. GraverobberGraverobber
    35. ThugThug
    36. Twin GuardTwin Guard
    37. Wind
    38. ThugThug
    39. GraverobberGraverobber
    40. Wind
    41. GruntGrunt
    42. JanusJanus
    43. Wind
    44. Construction BotCon bot
    45. Advanced Metal ExtractorT2 mex
    46. GuardGuard
    47. Wind
    48. GuardGuard
    49. Wind ×2
    50. Construction BotCon bot
    51. Wind ×2
    52. GruntGrunt
    53. Wind
    54. GruntGrunt
    55. CastroCastro
    56. Wind
    57. GruntGrunt
    58. Energy storage
    59. GruntGrunt
    60. Advanced Metal ExtractorT2 mex
    61. ThistleThistle ×2
    62. Energy storage
    63. Mex
    64. GuardGuard
    65. GruntGrunt
    66. Mex
    67. GruntGrunt
    68. Con turret
    69. GruntGrunt ×2
    70. Construction BotCon bot
    71. Con turret
    72. Advanced Metal ExtractorT2 mex
    73. Con turret
    74. Construction BotCon bot
    75. Wind

Counts are medians over the build's games: half of them build more, half fewer. The example game is AinzIsHere's (40 OS, 15/10/2026); pick another.

Team trades

IN AT LEAST 30% OF ITS GAMES

You hand over

Nothing regular.

You get

  • Tidal Generator4 Tidal from Pondfirst at 0:11 · in 69% of games
  • Advanced Construction Bot1 T2 con bot from Geo or Techfirst at 7:54 · in 54% of games

How it plays out

Typical game of this build, running totals by minute

Metal produced

010k20k
0:005:0010:0015:00

metal

Enemy metal destroyed

05k10k
0:005:0010:0015:00

metal

Own metal lost

05k10k
0:005:0010:0015:00

metal

1324 games.

Show as table
ByMetal produced: This buildEnemy metal destroyed: This buildOwn metal lost: This build
1:0032800
2:0094300
3:002036226173
4:003129751636
5:00428615931401
6:00546225972329
7:00665138153313
8:00783946834351
9:00897954155286
10:001024061036160
11:001161266506955
12:001317172347743
13:001472878608479
14:001615684739062
15:001775991479653
WHAT THE NUMBERS SAY

This baseline wins more often than most other roles' standard builds, with early aggression showing in high kills and losses alike.

  • + Team wins 54% of games, best winrate among the roles shown.
  • + First kill lands very early at 2:07 in all games.
  • − Own metal lost is heavy early, 1439 by 5:00.
  • − Enemy destroyed stays close to own losses through 15:00, a costly front.
THE EXAMPLE YOU ARE READING

AinzIsHere

39.6 OS · 15/10/2026

Open source match ↗

7 received units · includes a constructor
96 metal received · 3811 energy received

Allied construction assistance is unknown. Timings are observations, not a promise of solo reproducibility.

Typical milestones

Bot Lab0:35Middle 50%: 0:27–0:45 · n=1319
Advanced Metal Extractor10:04Middle 50%: 9:04–11:20 · n=820

Played most by

XXMACGAMERXX140games of this buildAbyssFalcon87games of this buildrealisticjo84games of this build_Hawkey_71games of this build_X_60games of this build
Standard suicide front · Cortex Suicide front build order · BAR Build Atlas